 Dungeon Crawl Stone Soup version 0.22-a0-301-gf0fe05c (webtiles) character file.

73 galech the Shield-Bearer (level 4, -5/40 HPs)
             Began as a Minotaur Fighter on Mar 26, 2018.
             Killed from afar by Sigmund (11 damage)
             ... with a magic dart
             ... on level 2 of the Dungeon.
             The game lasted 00:01:08 (540 turns).

galech the Shield-Bearer (Minotaur Fighter)          Turns: 540, Time: 00:01:09

Health: -5/40      AC:  7    Str: 21    XL:     4   Next: 8%
Magic:  3/3        EV:  7    Int:  5    God:
Gold:   36         SH:  9    Dex: 10    Spells: 3/3 levels left

rFire    . . .     SeeInvis .   a - +0 war axe
rCold    . . .     Gourm    .   c - +0 shield
rNeg     . . .     Faith    .   b - +0 scale mail
rPois    .         Spirit   .   (helmet restricted)
rElec    .         Reflect  .   (no cloak)
rCorr    .         Harm     .   (no gloves)
MR       .....                  (no boots)
Stlth    ..........             (no amulet)
HPRegen  0.13/turn              (no ring)
MPRegen  0.08/turn              (no ring)

@: no status effects
A: retaliatory headbutt, horns 2
a: no special abilities


You were on level 2 of the Dungeon.
You were not hungry.

You visited 1 branch of the dungeon, and saw 2 of its levels.

You collected 36 gold pieces.

Inventory:

Hand Weapons
 a - a +0 war axe (weapon)
Armour
 b - a +0 scale mail (worn)
 c - a +0 shield (worn)
Scrolls
 e - 2 scrolls of identify {unknown}
Potions
 d - 2 potions of might
 h - a potion of brilliance {unknown}
 i - a potion of haste {unknown}
 j - a potion of curing {unknown}
Comestibles
 f - a ration
 g - 13 chunks of flesh


   Skills:
 + Level 4.3 Fighting
 + Level 3.5 Axes
 + Level 4.1 Armour
 + Level 0.2 Dodging
 + Level 4.3 Shields


You had 3 spell levels left.
You didn't know any spells.

Dungeon Overview and Level Annotations

Branches:
Dungeon (2/15)

Altars:

Annotations:
D:2 Sigmund


Innate Abilities, Weirdness & Mutations

You reflexively headbutt those who attack you in melee.
You have a pair of horns on your head.


Message History

Deactivating autopickup; reactivate with Ctrl-A.
Found 8 bolts.
Found a stone staircase leading down.
You see here a hobgoblin corpse.
No target in view!
No target in view!
No target in view!
No target in view!
No target in view!
No target in view!
No target in view!
You closely miss something. Your headbutt misses something.
You block something's attack.
You miss something. Your headbutt misses something. Something hits you!
You slash something! You headbutt something. Something hits you!
* * * LOW HITPOINT WARNING * * *
You miss something. You headbutt something.
You hear some strange, mumbled words.
A magic dart appears from out of thin air!
The magic dart hits you!
You die...

........#
........###########
..................#####
.......................
..................#
............####.##
............# #.#
........##### #.#
........# #@#
...............{!.....>#
.....####........#######
###### .........
......... .........#
.........# ####
........(# ....


There were no monsters in sight!

Vanquished Creatures
  Robin (D:2)
  An adder (D:2)
  2 dart slugs (D:2)
  2 leopard geckos (D:1)
  12 goblins
  7 hobgoblins
  2 ball pythons
  2 bats (D:1)
  4 frilled lizards
  9 kobolds (D:1)
  4 rats
46 creatures vanquished.

Notes
Turn   | Place    | Note
-------+----------+-------------------------------------------
     0 | D:1      | galech the Minotaur Fighter began the quest for the Orb.
     0 | D:1      | Reached XP level 1. HP: 19/19 MP: 0/0
    88 | D:1      | Reached XP level 2. HP: 27/27 MP: 1/1
   380 | D:2      | Reached XP level 3. HP: 33/33 MP: 2/2
   456 | D:2      | Noticed Robin
   485 | D:2      | Killed Robin
   487 | D:2      | Reached XP level 4. HP: 24/40 MP: 3/3
   534 | D:2      | Noticed Sigmund
   540 | D:2      | Killed from afar by Sigmund

Vault maps used:
D:1:      minmay_arrival_checkered_box
D:2:      gammafunk_temple_overflow_elements, tgw_kikubaaqudgha, uniq_sigmund,
          uniq_robin

Skill      XL: |  1  2  3 |
---------------+----------+-----
Shields        | 4 |  4.3
Fighting       | 4 |  4.3
Armour         | 4 |  4.1
Axes           | 3 |  3.5
Dodging        | |  0.2

Action                   |  1- 3 |  4- 6 || total
-------------------------+-------+-------++-------
Melee: War axe           |    74 |    12 ||    86
       Headbutt          |     9 |     2 ||    11
Armor: Scale mail        |    28 |     4 ||    32
Dodge: Dodged            |    29 |     5 ||    34
Block: Shield            |    40 |     3 ||    43

Table legend:
 A = Spawn XP
 B = Non-spawn XP
 C = Spawn XP percentage of total XP
 D = Spawn monster count
 E = Non-spawn monster count
 F = Spawn count percentage of total count
 G = Total turns spent on level
                    A         B        C        D         E        F      G
               +---------+---------+-------+---------+---------+-------+---------
         Total |       0 |     105 |   0.0 |       0 |      46 |   0.0 |   540
               +---------+---------+-------+---------+---------+-------+---------
           D:1 |       0 |      40 |   0.0 |       0 |      26 |   0.0 |   375
           D:2 |       0 |      65 |   0.0 |       0 |      20 |   0.0 |   165
               +---------+---------+-------+---------+---------+-------+---------
